AoeStats
← DrStylus27

Arena

506002403Analyzed
1v1 RM · 21d ago on Sep 12, 2026· 52m 39s· 2 players
Game mode
Random Map
Map size
Tiny (2 player)
Population
200
Speed
Normal
Resources
Standard
Victory
Conquest
Starting age
Dark Age
Ending age
Imperial Age
RankedLock teamsTeams togetherTeam positionsShared explorationLock speedFull tech treeHidden civsTurbo modeCheats
Victory
Defeat
🇦🇷 Turks · Argentina
831
+18
🇬🇧 Malay · United Kingdom
872
-18
CaRDeNaL_MdQ
10:16 Feudal Age
10:43 Double-Bit Axe
11:51 Horse Collar
19:02 Castle Age
19:48 Gold Mining
21:52 Bow Saw
30:51 Imperial Age
29:12 Fletching
30:48 Bodkin Arrow
31:13 Town Watch
32:04 Wheelbarrow
33:16 Gold Shaft Mining
34:06 Two-Man Saw
34:21 Heavy Plow
34:58 Padded Archer Armor
37:48 Hand Cart
37:34 Town Patrol
39:32 Conscription
40:13 Elite Janissary
40:56 Bracer
41:12 Leather Archer Armor
43:04 Artillery
45:08 Ring Archer Armor
50:49 Stone Mining
53:13 Bloodlines
53:03 Husbandry
DrStylus27
12:30 Feudal Age
16:32 Castle Age
15:18 Loom
30:32 Fletching
31:41 Horse Collar
35:22 Heavy Plow
37:02 Wheelbarrow
39:22 Imperial Age
38:04 Gold Mining
41:05 Double-Bit Axe
41:44 Scale Barding Armor
41:35 Bodkin Arrow
41:52 Forging
42:24 Crop Rotation
42:37 Gold Shaft Mining
41:53 Stone Mining
41:46 Elite Battle Elephant
42:29 Husbandry
44:34 Elite Skirmisher
47:32 Bracer
47:49 Light Cavalry
50:20 Padded Archer Armor
50:55 Iron Casting
Connection lost

Rejoining the realm…

Still unreachable

The connection could not be restored.

Session expired

The server has moved on; the page needs a fresh start.